 Dungeon Crawl Stone Soup version 0.22-a0-322-g60b3cfd (webtiles) character file.

25 Kairos the Insei (level 3, 23/23 HPs)
             Began as an Octopode Transmuter on Apr 5, 2018.
             Got out of the dungeon alive.
             The game lasted 00:01:29 (1140 turns).

Kairos the Insei (Octopode Transmuter)              Turns: 1140, Time: 00:01:29

Health: 23/23      AC:  1    Str:  9    XL:     3   Next: 4%
Magic:  6/6        EV: 13    Int: 15    God:
Gold:   15         SH:  0    Dex: 13    Spells: 5/6 levels left

rFire    . . .     SeeInvis .     - Unarmed
rCold    . . .     Gourm    .   (no shield)
rNeg     . . .     Faith    .   (helmet restricted)
rPois    .         Spirit   .   (no amulet)
rElec    .         Reflect  .   (no ring)
rCorr    .         Harm     .   (no ring)
MR       .....                  (no ring)
Stlth    ++........             (no ring)
HPRegen  0.07/turn              (no ring)
MPRegen  0.10/turn              (no ring)
                                (no ring)
                                (no ring)

@: no status effects
A: almost no armour, stealthy swim, amphibious, 8 rings, constrict 8, camouflage
1, gelatinous body 1
a: no special abilities


You escaped.
You were hungry.

You visited 1 branch of the dungeon, and saw 1 of its levels.

You collected 15 gold pieces.

Inventory:

Missiles
 a - 35 arrows
Scrolls
 b - a scroll of enchant weapon {unknown}
 f - a scroll of remove curse {unknown}
 g - a scroll of fog {unknown}
Potions
 d - a potion of agility {unknown}
 e - a potion of might {unknown}
Comestibles
 c - 3 rations


   Skills:
 + Level 1.0 Fighting
 + Level 2.1 Dodging
 + Level 0.4 Stealth
 + Level 3.7 Unarmed Combat
 + Level 2.1 Spellcasting
 + Level 2.1 Transmutations


You had 5 spell levels left.
You knew the following spells:

 Your Spells              Type           Power        Failure   Level  Hunger
a - Beastly Appendage     Tmut           #.....       9%          1    #......


Dungeon Overview and Level Annotations

Branches:
Dungeon (1/15)

Altars:


Innate Abilities, Weirdness & Mutations

You cannot wear most types of armour.
You are very stealthy in the water. (Stealth+)
You are amphibious.
You can wear up to eight rings at the same time.
You can use your tentacles to constrict eight enemies at once.
Your skin changes colour to match your surroundings (Stealth+).
Your rubbery body absorbs attacks. (AC +1, EV +1)


Message History

You feel agile.
g - a scroll labeled QUIKLI IBBEATA You see here an enchanted short sword.
You see here a rat skeleton.
Key pressed, stopping explore.
Done exploring.
No target in view!
No target in view!
Done exploring.
Done exploring.
Done exploring.
Okay, then.
You see here a rat skeleton.
You are feeling hungry.
You can't go up here!
There is a large open door here.
You see here 27 stones.
There is a staircase leading out of the dungeon here.
Are you sure you want to leave the Dungeon?
This will make you lose the game!
You have escaped!

#.......#
#.......#
######### ###
##### ###
##.####.≈.######@#
#.≈.##.≈.≈.#P.≈#.#
(≈≈≈..≈≈≈≈≈..≈..≈#
≈≈≈≈≈≈≈≈≈≈≈≈≈≈≈.≈#
≈≈≈≈≈≈≈≈≈≈≈≈≈≈≈≈≈#
≈≈P≈≈≈≈P≈≈≈≈≈≈≈≈≈#
.≈P≈≈≈PPPPP≈≈≈≈≈≈#
≈.≈≈≈≈≈≈P≈≈≈≈≈≈≈P#
##################


There were no monsters in sight!

Vanquished Creatures
  A dart slug (D:1)
  A leopard gecko (D:1)
  2 bats (D:1)
  A giant cockroach (D:1)
  3 goblins (D:1)
  5 hobgoblins (D:1)
  A ball python (D:1)
  A frilled lizard (D:1)
  3 kobolds (D:1)
  3 rats (D:1)
21 creatures vanquished.

Notes
Turn   | Place    | Note
-------+----------+-------------------------------------------
     0 | D:1      | Kairos the Octopode Transmuter began the quest for the Orb.
     0 | D:1      | Reached XP level 1. HP: 13/13 MP: 3/3
    91 | D:1      | Reached XP level 2. HP: 13/18 MP: 5/5
   936 | D:1      | Reached XP level 3. HP: 16/23 MP: 6/6
  1140 | D:$      | Got out of the dungeon alive.

Vault maps used:
D:1:      lightli_arrival_windingriver

Action                   || total
-------------------------++-------
Melee: Unarmed           ||    49
       Constrict         ||    12
       Tentacles         ||     8
 Stab: Sleeping          ||     5
Armor: Skin              ||     1
Dodge: Dodged            ||    28

Table legend:
 A = Spawn XP
 B = Non-spawn XP
 C = Spawn XP percentage of total XP
 D = Spawn monster count
 E = Non-spawn monster count
 F = Spawn count percentage of total count
 G = Total turns spent on level
                    A         B        C        D         E        F      G
               +---------+---------+-------+---------+---------+-------+---------
         Total |       0 |      36 |   0.0 |       0 |      21 |   0.0 |  1140
               +---------+---------+-------+---------+---------+-------+---------
           D:1 |       0 |      36 |   0.0 |       0 |      21 |   0.0 |  1140
               +---------+---------+-------+---------+---------+-------+---------
